 Dungeon Crawl Stone Soup version 0.29-a0-468-ge57f7f99b4 (webtiles) character file.

Game seed: 16236361684190902062

13 dabmancer the Magician (level 2, -3/17 HPs)
             Began as an Octopode Hedge Wizard on May 21, 2022.
             Slain by a gnoll
             ... wielding a +0 club
              (8 damage)
             ... on level 1 of the Dungeon.
             The game lasted 00:01:48 (551 turns).

dabmancer the Magician (Octopode Hedge Wizard)       Turns: 551, Time: 00:01:48

Health: -3/17      AC:  1    Str:  9    XL:     2   Next: 37%
Magic:  1/6        EV: 13    Int: 16    God:
Gold:   10         SH:  0    Dex: 11    Spells: 7/8 levels left

rFire   . . .      SeeInvis .   d - +1 dagger (drain)
rCold   . . .      Faith    .   (no shield)
rNeg    . . .      Spirit   .   b - +0 hat
rPois   .          Reflect  .   (no amulet)
rElec   .          Harm     .   (no ring)
rCorr   .          Rampage  .   (no ring)
Will    .....                   (no ring)
Stlth   +++.......              (no ring)
HPRegen 0.05/turn               (no ring)
MPRegen 0.10/turn               (no ring)
                                (no ring)
                                (no ring)

@: no status effects
A: almost no armour, amphibious, 8 rings, camouflage 1, gelatinous body 1,
(nimble swimmer 1), tentacles
a: no special abilities


You were on level 1 of the Dungeon.
You visited 1 branch of the dungeon, and saw 1 of its levels.

You collected 10 gold pieces.

Inventory:

Hand Weapons
 a - a +0 dagger
 d - a +1 dagger of draining (weapon)
Missiles
 e - 25 stones
Armour
 b - a +0 hat (worn)
Scrolls
 g - a scroll of identify {unknown}
 h - a scroll of magic mapping {unknown}
Potions
 c - a potion of magic
 f - a potion of mutation {unknown}
 i - a potion of invisibility {unknown}
 j - 2 potions of cancellation {unknown}


   Skills:
 - Level 2.0 Dodging
 + Level 2.6 Stealth
 + Level 3.6 Spellcasting
 + Level 1.0 Conjurations
 + Level 1.0 Summonings
 + Level 1.0 Translocations


You had 7 spell levels left.
You knew the following spells:

 Your Spells              Type           Power      Damage    Failure   Level
a - Magic Dart            Conj           24%        1d4       12%         1

Your spell library contained the following spells:

 Spells                   Type           Power      Damage    Failure   Level
 Slow                     Hex            8%         N/A       19%         1
 Blink                    Tloc           12%        N/A       19%         2
 Call Imp                 Summ           6%         N/A       19%         2
 Conjure Flame            Conj/Fire      4%         6-21      38%         3
 Mephitic Cloud           Conj/Pois/Air  4%         N/A       41%         3


Dungeon Overview and Level Annotations

Branches:
Dungeon (1/15)

Altars:


Innate Abilities, Weirdness & Mutations

You cannot wear most types of armour.
You are amphibious.
You can wear up to eight rings at the same time.
Your skin changes colour to match your surroundings (Stealth+).
Your rubbery body absorbs attacks. (AC +1, EV +1)
((You are camouflaged when in or above water. (Stealth+)))
You have tentacles for arms and can constrict up to eight enemies at once.


Message History

The giant cockroach is moderately wounded.
The giant cockroach barely misses you.
You hit the giant cockroach. You drain the giant cockroach.
You kill the giant cockroach!
Your magical contamination has completely faded away.
e - 25 stones (gained 11)
A kobold comes into view. It is wielding a +0 whip.
A kobold is nearby!
The magic dart hits the kobold but does no damage.
The kobold shouts!
A gnoll comes into view. It is wielding a +0 club.
You miscast Magic Dart.
You are very lightly contaminated with residual magic.
Nothing appears to happen.
The gnoll shouts!
The magic dart hits the gnoll but does no damage.
The magic dart hits the gnoll.
The gnoll is moderately wounded.
The magic dart hits the kobold but does no damage.
The magic dart hits the kobold but does no damage.
You closely miss the kobold. Your grab misses the kobold.
The kobold closely misses you.
You barely miss the kobold. You grab the kobold. You squeeze the kobold.
The kobold is moderately wounded.
You constrict the kobold. The kobold closely misses you.
The gnoll hits you with a +0 club.
You hit the kobold.
The kobold is severely wounded.
You constrict the kobold, but do no damage.
The kobold hits you but does no damage. The gnoll closely misses you.
Your magical contamination has completely faded away.
You hit the kobold.
You kill the kobold!
The gnoll hits you with a +0 club.
* * * LOW HITPOINT WARNING * * *
You barely miss the gnoll. Your grab misses the gnoll.
Your squeeze misses the gnoll.
The gnoll is moderately wounded.
The gnoll hits you with a +0 club!
You die...

#..... #....
#.... #.... .
...# #. #..#
#.####g)#
......#.@#
######
#.#...†.########
#.....
#......#........
#.####
..#......#######
#>#### #
#.##.### ##.#...
#.....#
####....##
####..#
#.......##
#.####..#
#.##......
#.......##
#.##.##.##


You could see a gnoll.

Vanquished Creatures
  A dart slug (D:1)
  A giant cockroach (D:1)
  A goblin (D:1)
  A hobgoblin (D:1)
  A quokka (D:1)
  A bat (D:1)
  2 kobolds (D:1)
  3 rats (D:1)
11 creatures vanquished.

Notes
Turn   | Place    | Note
-------+----------+-------------------------------------------
     0 | D:1      | dabmancer the Octopode Hedge Wizard began the quest for the
                  | Orb.
     0 | D:1      | Reached XP level 1. HP: 11/11 MP: 4/4
   310 | D:1      | Reached XP level 2. HP: 17/17 MP: 4/6
   551 | D:1      | Slain by a gnoll

Illustrated notes

Levels and vault maps discovered:
D:1:      lightli_arrival_statue_moat, layout_loops_cross, serial_shops, shop,
          ebering_ecumenical_altar_box

Action                   || total
-------------------------++-------
Melee: Dagger            ||    17
       Constrict         ||     3
       Tentacles         ||     3
 Cast: Magic Dart        ||    25
Armor: Skin              ||     1
Dodge: Dodged            ||    13

Table legend: (Time is in decaauts)
 A = Elapsed time spent in this place.
 B = Non-inter-level travel time spent in this place.
 C = Inter-level travel time spent in this place.
 D = Time resting spent in this place.
 E = Time spent auto-exploring this place.
 F = Levels seen in this place.
 G = Mean time per level.
                   A        B        C        D        E       F      G
               +--------+--------+--------+--------+--------+-----+--------+
         Total |    550 |    550 |      0 |    114 |    366 |   1 |  550.0 |
       Dungeon |    550 |    550 |      0 |    114 |    366 |   1 |  550.0 |
               +--------+--------+--------+--------+--------+-----+--------+

Top non-repeatable levels by time:
     D:1: 550 daAuts
